 Dungeon Crawl Stone Soup version 0.29-a0-338-g1ff7896281 (webtiles) character file.

Game seed: 7556916798447272891

39517 spaghetti the Thaumaturge (level 13, 0/151 (177) HPs)
             Began as a Deep Dwarf Necromancer on Apr 17, 2022.
             Was the Champion of Ru.
             Slain by a large abomination (25 damage)
             ... on level 6 of the Lair of Beasts.
             The game lasted 00:54:14 (19595 turns).

spaghetti the Thaumaturge (Deep Dwarf Necromancer) Turns: 19595, Time: 00:54:15

HP:   0/151 (177)   AC: 11    Str: 18    XL:     13   Next: 69%
MP:   2/28          EV: 16    Int: 24    God:    Ru [******]
Gold: 809           SH:  0    Dex: 13    Spells: 21/34 levels left

rFire   . . .      SeeInvis .   z - staff of death {!astaff}
rCold   x . .      Faith    .   (shield unavailable)
rNeg    + . .      Spirit   .   H - +0 steam dragon scales
rPois   +          Reflect  .   U - +0 helmet
rElec   .          Harm     .   (no cloak)
rCorr   .          Rampage  .   V - +2 pair of gloves
Will    +....                   (no boots)
Stlth   ..........              (no amulet)
HPRegen 0.00/turn               (ring unavailable)
MPRegen 0.21/turn               D - ring "Tereoluc" {rPois rC- Int+9}

@: berserking (expiring), exhausted, heavily drained, very quick
A: damage resistance, heal wounds, sense surroundings 2, missing a hand,
inability to use devices, unskilled 1, no regeneration
a: Heal Wounds, Renounce Religion, Draw Out Power, Power Leap, Apocalypse


You were on level 6 of the Lair of Beasts.
You worshipped Ru.
Ru was exalted by your worship.
You visited 2 branches of the dungeon, and saw 16 of its levels.

You collected 978 gold pieces.
You spent 169 gold pieces at shops.


Innate Abilities, Weirdness & Mutations

You are resistant to damage.
You can heal yourself by infusing magical energy.
You passively map the area around you.
You are missing a hand.
You cannot study or use magical devices.
You are somewhat unskilled. (-1 Apt)
You do not regenerate.


   Skills:
 + Level 8.3 Fighting
 + Level 9.2 Armour
 + Level 10.3 Dodging
 - Level 2.1 Stealth
 * Level 11.1 Spellcasting
 + Level 10.9 Necromancy
 - Level 1.3 Invocations


You had 21 spell levels left.
You knew the following spells:

 Your Spells              Type           Power      Damage    Failure   Level
a - Pain                  Necr           100%       1d9       1%          1
b - Vampiric Draining     Necr           78%        2d11      1%          3
c - Animate Dead          Necr           39%        N/A       1%          4
d - Agony                 Necr           78%        N/A       1%          5

Your spell library contained the following spells:

 Spells                   Type           Power      Damage    Failure   Level
 Animate Skeleton         Necr           100%       N/A       1%          1
 Freeze                   Ice            52%        1d7       4%          1
 Sandblast                Erth           26%        2d8       4%          1
 Passwall                 Tmut/Erth      10%        N/A       7%          2
 Frozen Ramparts          Ice            26%        1d4       14%         3
 Stone Arrow              Conj/Erth      26%        3d8       14%         3
 Fulminant Prism          Conj/Hex       6%         3d7       43%         4
 Hailstorm                Conj/Ice       13%        3d5       43%         4
 Ice Form                 Ice/Tmut       13%        N/A       43%         4
 Iskenderun's Mystic Bla  Conj/Tloc      13%        2d5       43%         4
 Summon Ice Beast         Ice/Summ       13%        N/A       43%         4
 Blade Hands              Tmut           6%         N/A       78%         5
 Irradiate                Conj/Tmut      6%         3d15      78%         5
 Lee's Rapid Deconstruct  Erth           6%         3d7*      78%         5
 Dragon Form              Tmut           6%         N/A       100%        7

Inventory:

Hand Weapons
 a - the +3 hunting sling of Ferocious Tortfeasance {vorpal, rPois Dex+3, sling}
   (You bought it in a shop on level 4 of the Dungeon)

   Any ammunition fired from it inflicts extra damage upon your enemies.
   Dex:       It affects your dexterity (+3).
   rPois:     It protects you from poison.
 b - a +2 whip of distortion {!wmace}
   (You took it off a gnoll shaman on level 5 of the Dungeon)
 c - a +2 vorpal broad axe {axe}
   (You took it off Maggie on level 7 of the Dungeon)
 d - the +9 dagger of the Bruised Invaders {venom, Stlth+, short}
   (You found it on level 10 of the Dungeon)

   It poisons the flesh of those it strikes.
   Stlth:     It makes you more stealthy.
 e - a +2 demon whip of venom {mace}
   (You took it off Amaemon on level 3 of the Lair of Beasts)
 f - the +6 falchion "Jeummian" {speed, Fly, long}
   (You found it on level 4 of the Lair of Beasts)

   Attacks with this weapon are significantly faster.
   Fly:       It grants you flight.
 N - a +1 vampiric short sword {short}
   (You found it on level 4 of the Lair of Beasts)
 X - a +0 long sword of protection {long}
   (You found it on level 4 of the Lair of Beasts)
 Z - the +3 war axe "Otaclau" {venom, rC- Int+4, axe}
   (You found it on level 5 of the Lair of Beasts)

   It poisons the flesh of those it strikes.
   Int:       It affects your intelligence (+4).
   rC:        It makes you vulnerable to cold.
Missiles
 s - 17 poisoned darts {throwing}
 y - 7 throwing nets {=f!fthrowing}
 F - 3 silver boomerangs {throwing}
 I - 5 curare-tipped darts {=fthrowing}
 Q - 393 stones (quivered) {throwing}
 W - 8 boomerangs {throwing}
Armour
 H - +0 steam dragon scales (worn)
   (You took it off Maggie on level 7 of the Dungeon)
 U - a +0 helmet (worn)
   (You found it on level 10 of the Dungeon)
 V - a +2 pair of gloves (worn)
   (You found it on level 7 of the Dungeon)
Magical Staves
 z - a staff of death (weapon) {!astaff}
   (You found it on level 9 of the Dungeon)
Jewellery
 h - a ring of ice
   (You took it off Fannar on level 2 of the Lair of Beasts)
 v - a ring of resist corrosion
   (You found it on level 2 of the Lair of Beasts)
 D - the ring "Tereoluc" (right hand) {rPois rC- Int+9}
   (You found it on level 3 of the Lair of Beasts)

   [ring of poison resistance]

   Int:       It affects your intelligence (+9).
   rC:        It makes you vulnerable to cold.
   rPois:     It protects you from poison.
 J - a +4 ring of protection
   (You found it on level 7 of the Dungeon)
 K - a ring of wizardry
   (You found it on level 7 of the Dungeon)
Wands
 l - a wand of iceblast (10)
   (You found it on level 2 of the Lair of Beasts)
Scrolls
 i - 3 scrolls of fear
 n - 4 scrolls of amnesia
 o - 2 scrolls of enchant weapon
 q - 3 scrolls of magic mapping {!r}
 t - 6 scrolls of noise {unknown}
 w - 5 scrolls of enchant armour
 A - 3 scrolls of immolation {!r!r}
 L - 6 scrolls of blinking {!r}
 O - a scroll of vulnerability {!r!r}
 P - a scroll of torment {!r}
 R - 2 scrolls of fog {unknown}
Potions
 g - a potion of berserk rage {!q}
 j - 2 potions of heal wounds {@q2}
 m - a potion of degeneration {unknown}
 r - 7 potions of curing {unknown}
 u - 2 potions of brilliance
 x - 4 potions of lignification {unknown}
 B - a potion of mutation {unknown}
 C - 2 potions of attraction {unknown}
 E - 3 potions of flight {unknown}
 M - a potion of invisibility {unknown}
 S - 3 potions of might {unknown}
 T - 3 potions of haste {@q3}
 Y - a potion of ambrosia {unknown}

Dungeon Overview and Level Annotations

Branches:
Dungeon (10/15)            Temple (0/1) D:5            Lair (6/6) D:9
 Shoals (0/4) Lair:3       Spider (0/4) Lair:2        Slime (0/5) Lair:5
    Orc (0/2) D:9

Altars:
Fedhas
Qazlal
Ru

Shops:
D:2 *   D:4 ([(=   D:5 ?

Annotations:
D:3 1 runed translucent door, DarkMailMan's ghost, amateur DECj

#....##((..โ€ .#, , ,,,
,,..!..( ##...รท.P..#### *
, ,, , #..........## **, ,
, , #...[.....#.# *,* * ,
, #..........## , ** ,
##......รท..# , , . ,
##.........###### , ..., ,
#........[.(#...###..... ,
, #...............@X....#
, ...โ€
$............S.....#* , ,,
##.........#.#.##.#...#.*,
#.........###### ## .##, ,
#..........# , F. , , ,
#.........## ,,, .. ,
#..........# , . ,
#.........#.# , ,, ,
#....###.Y### * , ,,


You could see a large abomination, a blink frog and a water moccasin
(distracted).


Message History

Confirm with . or Enter, or press ? or * to list all spells.
Aiming: Vampiric Draining (safe; 1% risk of failure)
Press: ? - help, Shift-Dir - straight line, f - death yak
Aim: a death yak (almost dead, slow)
You feel a surge of power!
You draw life force from the death yak!!
You kill the death yak!
You feel life coursing into your body. ๐Ÿ˜จ HP[+6] MP[-3]
You now have 100 max hp (+4).
You regained 6 hp, and now have 41/100 hp.
You lost 3 mp, and now have 7/28 mp.
Throw: 5 darts (curare) {=fthrowing}
Press: ? - help, Shift-Dir - straight line, f - death yak
Aim: a death yak (severely wounded, paralysed, 98% to hit)
Okay, then.
A nearby fungus withers and dies. ๐Ÿ˜จ MP[+1]
A komodo dragon comes into view. ๐Ÿ˜จ MP[+1]
A water moccasin comes into view.
The water moccasin hisses angrily.
The komodo dragon barely misses you.
Casting: Vampiric Draining (safe; 1% risk of failure)
Confirm with . or Enter, or press ? or * to list all spells.
Aiming: Vampiric Draining (safe; 1% risk of failure)
Press: ? - help, Shift-Dir - straight line, f - komodo dragon
Aim: a komodo dragon You feel a surge of power!
You draw life force from the komodo dragon!
You feel life coursing into your body. The komodo dragon bites you!!
* * * LOW HITPOINT WARNING * * *
๐Ÿ˜จ HP[-13] MP[-3]
You take 13 damage, and now have 28/100 hp.
You lost 3 mp, and now have 6/28 mp.
Casting: Vampiric Draining (safe; 1% risk of failure)
Confirm with . or Enter, or press ? or * to list all spells.
Aiming: Vampiric Draining (safe; 1% risk of failure)
Press: ? - help, Shift-Dir - straight line, f/p - komodo dragon
Aim: a komodo dragon (moderately wounded)
You feel a surge of power!
You draw life force from the komodo dragon!
You feel life coursing into your body!
The komodo dragon barely misses you. ๐Ÿ˜จ HP[+8] MP[-2]
You regained 8 hp, and now have 36/100 hp.
You lost 2 mp, and now have 4/28 mp.
Casting: Vampiric Draining (safe; 1% risk of failure)
Confirm with . or Enter, or press ? or * to list all spells.
Aiming: Vampiric Draining (safe; 1% risk of failure)
Press: ? - help, Shift-Dir - straight line, f/p - komodo dragon
Aim: a komodo dragon (severely wounded)
You feel a surge of power!
You draw life force from the komodo dragon!
You feel life coursing into your body! The water moccasin misses you.
The komodo dragon bites you!!
* * * LOW HITPOINT WARNING * * *
The water moccasin bites you but does no damage. ๐Ÿ˜ฑ HP[-17] MP[-3]
You take 17 damage, and now have 19/100 hp.
You lost 3 mp, and now have 1/28 mp.
Really quaff
g - 2 potions of berserk rage {!q}?
Do you really want to go berserk while wielding your staff of death {!astaff}?
A red film seems to cover your vision as you go berserk!
You feel yourself moving faster!
You feel mighty! The komodo dragon barely misses you.
The water moccasin bites you.
* * * LOW HITPOINT WARNING * * *
A large abomination comes into view. ๐Ÿ˜ฑ HP[+6]
You now have 150 max hp (+50).
You regained 6 hp, and now have 25/150 hp.
You hit the komodo dragon. The water moccasin bites you.
The komodo dragon barely misses you.
You hit the komodo dragon.
You kill the komodo dragon!
The water moccasin closely misses you.
You now have 151 max hp (+1).
You hit the water moccasin! The water moccasin bites you.
The water moccasin misses you.
You hit the water moccasin.
The large abomination barely misses you.
The water moccasin barely misses you. ๐Ÿ˜ฑ MP[+1]
You closely miss the water moccasin.
The water moccasin is stunned by your conviction and fails to attack.
A blink frog comes into view.
The blink frog croaks.
You hit the water moccasin!
You hear an angry hiss.
The water moccasin barely misses you.
The large abomination barely misses you.
The blink frog begins to attack, but is stunned by your conviction!
You closely miss the water moccasin.
The water moccasin bites you but does no damage.
The large abomination closely misses you.
You hit the water moccasin but do no damage.
You redirect the water moccasin's attack!
The water moccasin bites the large abomination but does no damage.
The blink frog begins to attack, but is stunned by your conviction!
The large abomination hits you!!
You die...

Skill      XL: |  1  2  3  4  5  6  7  8  9 10 11 12 13 |
---------------+----------------------------------------+-----
Invocations    | 1 |  1.3
Spellcasting   | 2 3 4 6 7 7 9 10 11 | 11.1
Fighting       | 1 2 3 4 5 5 6 7 8 |  8.3
Necromancy     | 5 6 7 8 8 9 10 | 10.9
Dodging        | 3 4 6 7 7 8 9 10 | 10.3
Armour         | 1 3 5 5 7 8 9 |  9.2
Stealth        | |  2.1

Action                   |  1- 3 |  4- 6 |  7- 9 | 10-12 | 13-15 || total
-------------------------+-------+-------+-------+-------+-------++-------
Melee: Unarmed           |    58 |       |       |       |       ||    58
       Staff             |       |       |       |   559 |   141 ||   700
       Broad axe         |       |       |       |     6 |       ||     6
       Demon whip        |       |       |       |     3 |       ||     3
 Fire: Hunting sling     |       |   120 |   214 |    50 |       ||   384
Throw: Stone             |    43 |       |       |   158 |    51 ||   252
 Cast: Pain              |    48 |    14 |    19 |    28 |       ||   109
       Vampiric Draining |     4 |    31 |    98 |   327 |   115 ||   575
       Animate Dead      |       |       |     2 |     1 |       ||     3
       Agony             |       |       |       |     2 |       ||     2
Invok: Draw Out Power    |     2 |     2 |    10 |    28 |    11 ||    53
       Sacrifice a Hand  |     1 |       |       |       |       ||     1
       Sacrifice Artific |       |     1 |       |       |       ||     1
       Apocalypse        |       |       |     2 |     4 |     4 ||    10
       Sacrifice Skill   |       |       |       |     1 |       ||     1
  Use: Potion            |     2 |       |       |     3 |     2 ||     7
       Scroll            |       |     1 |     6 |     3 |     3 ||    13
 Stab: Distracted        |       |       |       |     5 |       ||     5
       Paralysed         |       |       |       |    19 |     4 ||    23
       Invisible         |       |       |       |     7 |       ||     7
Armor: Robe              |    34 |    13 |    10 |       |       ||    57
       Steam dragon scal |       |       |    23 |   422 |    85 ||   530
Dodge: Dodged            |   100 |    54 |   162 |   955 |   262 ||  1533

Levels and vault maps discovered:
D:1:      heliophobic_arrival_dark_side_of_the_moon, layout_basic,
          hellmonk_ecumenical_altar_pennies_from_heaven
D:2:      layout_rooms, basic_altar, serial_shops, shop,
          serial_co_window_serial, co_window_paths_a,
          co_window_of_opportunity_a, co_window_of_opportunity_a,
          co_window_cross_1, co_window_paths_a, co_window_paths_a,
          co_window_broadway_a, co_window_broadway_b, co_window_broadway_a,
          co_window_corner_ca, co_window_broadway_b, co_window_corner_b,
          glass_columns_c, glass_columns_a, glass_columns_b, glass_columns_c,
          glass_columns_a
D:3:      layout_loops_ring, ebering_ghost_reflecting_pool,
          gup_sewer_entry_spiral, minmay_misc_feat_more_columns,
          cheibrodos_gnoll_hut
D:4:      layout_basic, fedhas_ov_isle_minmay, serial_shops,
          nicolae_lakefront_shop, nicolae_shop_statue_plus,
          nicolae_shop_hallway_stairs, shop, nicolae_ossuary_entry_plus,
          uniq_natasha
D:5:      wander_river, layout_basic, minmay_temple_entry_large_hall,
          serial_shops, nicolae_shop_behind_doors,
          hangedman_decor_clover_reticule, nrook_mini_vaults, uniq_edmund
D:6:      layout_basic, grunt_ministairs_14
D:7:      layout_basic, lemuel_another_geyser, uniq_prince_ribbit1, uniq_maggie
D:8:      layout_gridville, nrook_loot_triangle, uniq_joseph
D:9:      minmay_skewed_foursquare, layout_loops_ring
D:10:     layout_basic, david_greed
Lair:1:   layout_regular_city, patterned_corridor
Lair:2:   layout_chaotic_city, spider_nest_entry_rubble,
          nicolae_volcano_entry_lava_flow, uniq_harold, uniq_fannar,
          uniq_nergalle
Lair:3:   layout_hall_layers, minmay_shoals_entry_centaurs,
          bobbens_dragon_lair_wall, uniq_amaemon
Lair:4:   layout_cave_pods, grunt_megastairs_5
Lair:5:   layout_regular_city, slime_dummy, lemuel_centaur_altar, uniq_rupert
Lair:6:   hellmonk_lair_end_abyssal_woods, layout_small_grid

Notes
Turn   | Place    | Note
-------+----------+-------------------------------------------
     0 | D:1      | spaghetti the Deep Dwarf Necromancer began the quest for
                  | the Orb.
     0 | D:1      | Reached XP level 1. HP: 15/15 MP: 3/3
     0 | D:1      | magus.rc [v1.9.6]
   176 | D:1      | Reached XP level 2. HP: 24/24 MP: 1/4
   500 | D:1      | Reached skill level 1 in Invocations
   580 | D:1      | Found a faded altar of an unknown god.
   717 | D:1      | Prayed at the altar of an unknown god.
   717 | D:1      | Became a worshipper of Ru the Awakened
   726 | D:1      | Gained mutation: You are missing a hand. [Ru sacrifice]
   726 | D:1      | Reached * piety under Ru
   726 | D:1      | Reached ** piety under Ru
   726 | D:1      | Reached *** piety under Ru
  1128 | D:2      | Reached XP level 3. HP: 29/29 MP: 2/5
  1137 | D:2      | Reached skill level 2 in Spellcasting
  1202 | D:2      | Found a stormy altar of Qazlal.
  1252 | D:2      | Reached skill level 1 in Fighting
  1256 | D:2      | Learned a level 3 spell: Vampiric Draining
  1338 | D:2      | Reached skill level 5 in Necromancy
  1338 | D:2      | Reached XP level 4. HP: 26/38 MP: 0/7
  1788 | D:2      | Found Ycecouto's General Store.
  1852 | D:2      | Reached skill level 3 in Dodging
  2419 | D:3      | Found a runed translucent door.
  2425 | D:3      | Noticed a scorpion
  2429 | D:3      | Killed a scorpion
  2430 | D:3      | Reached XP level 5. HP: 43/45 MP: 1/9
  2842 | D:3      | Reached skill level 3 in Spellcasting
  2843 | D:3      | Reached skill level 2 in Fighting
  3448 | D:3      | Noticed DarkMailMan's ghost (amateur DECj)
  3455 | D:3      | Learned a level 4 spell: Animate Dead
  3469 | D:4      | Found Inafun's Antique Weapon Shoppe.
  3533 | D:4      | Reached XP level 6. HP: 46/52 MP: 0/11
  3745 | D:4      | Found Pahoesass's Antique Weapon Shoppe.
  3754 | D:4      | Bought a crystal hunting sling for 143 gold pieces
  3754 | D:4      | Identified the +3 hunting sling of Ferocious Tortfeasance
                  | {vorpal, rPois Dex+3} (You bought it in a shop on level 4
                  | of the Dungeon)
  3776 | D:4      | Noticed Natasha
  3780 | D:4      | Killed Natasha
  3833 | D:4      | Found Jaaf's Antique Armour Emporium.
  4029 | D:4      | Gained mutation: You cannot study or use magical devices.
                  | [Ru sacrifice]
  4029 | D:4      | Reached **** piety under Ru
  4029 | D:4      | Reached ***** piety under Ru
  4168 | D:4      | Found Tiuruurr's Jewellery Shoppe.
  4174 | D:4      | Reached skill level 4 in Dodging
  4225 | D:4      | Found a blossoming altar of Fedhas.
  4233 | D:4      | You fall into a shaft and drop 2 floors!
  4240 | D:5      | Entered Level 5 of the Dungeon
  4321 | D:5      | Reached skill level 4 in Spellcasting
  4321 | D:5      | Reached XP level 7. HP: 56/61 MP: 11/13
  4474 | D:5      | Learned a level 5 spell: Agony
  4542 | D:5      | Reached skill level 6 in Necromancy
  4549 | D:5      | Reached skill level 3 in Fighting
  4802 | D:5      | Noticed Edmund
  4811 | D:5      | Killed Edmund
  4969 | D:5      | Found Zixotwol's Magic Scroll Boutique.
  4972 | D:5      | Bought a scroll of identify for 26 gold pieces
  5003 | D:5      | Found a staircase to the Ecumenical Temple.
  5088 | D:5      | You pick up a book of Frost and begin reading...
  5088 | D:5      | You add the spells Freeze, Frozen Ramparts and Hailstorm to
                  | your library.
  5336 | D:5      | Reached skill level 1 in Armour
  5447 | D:6      | Reached XP level 8. HP: 62/69 MP: 8/15
  5554 | D:6      | Reached skill level 5 in Spellcasting
  5634 | D:6      | Reached skill level 5 in Dodging
  5874 | D:6      | Reached skill level 2 in Armour
  6193 | D:6      | Reached skill level 4 in Fighting
  6518 | D:7      | Reached skill level 3 in Armour
  6518 | D:7      | Reached skill level 7 in Necromancy
  6788 | D:7      | You pick up a book of Rime and begin reading...
  6788 | D:7      | You add the spells Ice Form and Summon Ice Beast to your
                  | library.
  6811 | D:7      | Noticed Maggie
  6817 | D:7      | Reached skill level 6 in Spellcasting
  6836 | D:7      | Killed Maggie
  6837 | D:7      | Reached skill level 6 in Dodging
  6837 | D:7      | Gained mutation: You passively map the area around you.
                  | [Deep Dwarf growth]
  6837 | D:7      | Reached XP level 9. HP: 39/79 MP: 0/18
  7158 | D:7      | Reached skill level 4 in Armour
  7522 | D:7      | Noticed Prince Ribbit
  7531 | D:7      | Killed Prince Ribbit
  7532 | D:7      | Reached skill level 5 in Fighting
  7609 | D:7      | Reached skill level 7 in Spellcasting
  8064 | D:8      | You pick up a book of Blasting and begin reading...
  8064 | D:8      | You add the spells Fulminant Prism, Iskenderun's Mystic
                  | Blast and Lee's Rapid Deconstruction to your library.
  8473 | D:8      | Reached skill level 8 in Necromancy
  8637 | D:8      | Noticed Joseph
  8649 | D:8      | Killed Joseph
  8650 | D:8      | Reached skill level 5 in Armour
  8650 | D:8      | Reached skill level 7 in Dodging
  8650 | D:8      | Reached XP level 10. HP: 73/88 MP: 2/21
  8981 | D:9      | Noticed a two-headed ogre
  8990 | D:9      | Killed a two-headed ogre
  9036 | D:9      | Found a staircase to the Lair.
  9175 | D:9      | Noticed a two-headed ogre
  9185 | D:9      | Killed a two-headed ogre
  9186 | D:9      | Reached skill level 8 in Spellcasting
  9496 | D:9      | Found a staircase to the Orcish Mines.
  9737 | D:9      | Noticed a two-headed ogre
  9744 | D:9      | Killed a two-headed ogre
  9745 | D:9      | Reached skill level 6 in Fighting
  9745 | D:9      | Reached skill level 6 in Armour
  9975 | D:10     | Entered Level 10 of the Dungeon
 10018 | D:10     | Reached skill level 8 in Dodging
 10033 | D:10     | Reached skill level 9 in Necromancy
 10485 | D:10     | Identified the +9 dagger of the Bruised Invaders {venom,
                  | Stlth+}
 10614 | D:10     | Gained mutation: You are somewhat unskilled. (-1 Apt) [Ru
                  | sacrifice]
 10614 | D:10     | Reduced skill Fighting to level 5
 10614 | D:10     | Reduced skill Armour to level 5
 10614 | D:10     | Reduced skill Dodging to level 7
 10614 | D:10     | Reduced skill Spellcasting to level 7
 10614 | D:10     | Reduced skill Necromancy to level 8
 10614 | D:10     | Reached ****** piety under Ru
 10990 | Lair:1   | Entered Level 1 of the Lair of Beasts
 11022 | Lair:1   | Reached XP level 11. HP: 82/88 MP: 8/22
 11332 | Lair:1   | Reached skill level 8 in Spellcasting
 11417 | Lair:1   | Reached skill level 6 in Armour
 11827 | Lair:1   | Reached skill level 6 in Fighting
 12072 | Lair:1   | You fall into a shaft and drop 1 floor!
 12144 | Lair:2   | Noticed Harold
 12160 | Lair:2   | Killed Harold
 12469 | Lair:2   | Noticed Fannar
 12520 | Lair:2   | Killed Fannar
 12521 | Lair:2   | Reached skill level 8 in Dodging
 12644 | Lair:2   | Found a hole to the Spider Nest.
 13001 | Lair:2   | Noticed Nergalle
 13018 | Lair:2   | Killed Nergalle
 13149 | Lair:2   | Reached skill level 9 in Necromancy
 14006 | Lair:3   | Found a staircase to the Shoals.
 14021 | Lair:3   | Reached skill level 9 in Spellcasting
 14226 | Lair:3   | Reached skill level 7 in Armour
 14710 | Lair:3   | Noticed Amaemon
 14720 | Lair:3   | Killed Amaemon
 14721 | Lair:3   | Reached XP level 12. HP: 86/93 MP: 16/25
 15113 | Lair:3   | Identified the ring "Tereoluc" {rPois rC- Int+9}
 15354 | Lair:3   | Reached skill level 7 in Fighting
 15525 | Lair:3   | Reached skill level 9 in Dodging
 16441 | Lair:4   | Identified the +6 falchion "Jeummian" {speed, Fly}
 16483 | Lair:4   | Noticed a five-headed hydra
 16497 | Lair:4   | Killed a five-headed hydra
 16498 | Lair:4   | Reached skill level 8 in Armour
 16498 | Lair:4   | Reached skill level 10 in Spellcasting
 16809 | Lair:4   | You pick up a book of Transfigurations {@e2} and begin
                  | reading...
 16809 | Lair:4   | You add the spells Irradiate, Blade Hands and Dragon Form
                  | to your library.
 16986 | Lair:4   | Noticed a death yak
 16986 | Lair:4   | Noticed a death yak
 16986 | Lair:4   | Noticed a death yak
 16989 | Lair:4   | Noticed a death yak
 16992 | Lair:4   | Killed a death yak
 16993 | Lair:4   | Reached skill level 10 in Necromancy
 16993 | Lair:4   | Killed a death yak
 16997 | Lair:4   | Killed a death yak
 17032 | Lair:4   | Killed a death yak
 17196 | Lair:4   | You pick up a book of Geomancy and begin reading...
 17196 | Lair:4   | You add the spells Sandblast, Passwall and Stone Arrow to
                  | your library.
 17686 | Lair:5   | Identified the +3 war axe "Otaclau" {venom, rC- Int+4}
 17798 | Lair:5   | Found a stormy altar of Qazlal.
 17804 | Lair:5   | Reached XP level 13. HP: 86/91 MP: 18/27
 18061 | Lair:5   | Noticed Rupert
 18065 | Lair:5   | Paralysed by Rupert for 3 turns
 18089 | Lair:5   | Killed Rupert
 18469 | Lair:5   | Found a staircase to the Slime Pits.
 19037 | Lair:6   | Entered Level 6 of the Lair of Beasts
 19218 | Lair:6   | Reached skill level 8 in Fighting
 19218 | Lair:6   | Reached skill level 10 in Dodging
 19303 | Lair:6   | Reached skill level 9 in Armour
 19555 | Lair:6   | Reached skill level 11 in Spellcasting
 19586 | Lair:6   | HP: 19/100 [komodo dragon (24)]
 19595 | Lair:6   | Slain by a large abomination

Vanquished Creatures
  Rupert (Lair:5)
  Harold (Lair:2)
  Fannar (Lair:2)
  3 hydras
  3 two-headed ogres (D:9)
  8 death yaks
  Nergalle (Lair:2)
  Amaemon (Lair:3)
  2 black mambas
  Joseph (D:8)
  5 elephants (Lair:6)
  A torpor snail (Lair:5)
  8 cane toads
  Maggie (D:7)
  8 rime drakes
  8 komodo dragons
  A troll (D:9)
  2 polar bears
  13 blink frogs
  A hornet (D:7)
  Prince Ribbit (D:7)
  A tarantella (Lair:2)
  7 dream sheep (Lair:4)
  A vampire (D:7)
  32 yaks
  2 small abominations (Lair:6)
  A shadow (D:9)
  5 wyverns
  A basilisk (Lair:4)
  10 steam dragons
  A chaos spawn (Lair:6)
  Edmund (D:5)
  2 acid dragons
  10 water moccasins
  2 black bears
  An orc warrior (D:7)
  2 ice beasts
  2 sky beasts
  11 wolves
  7 centaurs
  3 phantoms
  2 kobold brigands
  10 bullfrogs
  2 gnoll sergeants
  3 scorpions
  4 wights (D:8)
  A howler monkey (D:9)
  5 hounds
  5 orc priests
  2 gnoll shamans (D:5)
  7 jellies
  Natasha (D:4)
  2 iguanas
  5 orc wizards
  18 gnolls
  7 adders
  A river rat (D:3)
  A white imp (D:7)
  2 ufetubi
  3 worms
  3 dart slugs
  11 orcs
  3 ball pythons
  7 endoplasms
  5 giant cockroaches
  4 goblins
  3 hobgoblins
  3 jackals (D:2)
  6 quokkas
  6 bats
  A frilled lizard (D:2)
  14 kobolds
  7 rats
327 creatures vanquished.

Vanquished Creatures (collateral kills)
  A cane toad (Lair:6)
  A komodo dragon (Lair:6)
  A water moccasin (Lair:6)
3 creatures vanquished.

Vanquished Creatures (others)
  An orange demon (Lair:3)
  A blink frog (Lair:6)
  A wraith (D:9)
  A yak (Lair:1)
  A steam dragon (Lair:3)
  A water moccasin (Lair:6)
  2 centaurs
  2 bullfrogs
  A small abomination (Lair:6)
  30 fungi
  44 plants
85 creatures vanquished.

Grand Total: 415 creatures vanquished

Table legend:
 A = Non-vault XP
 B = Vault XP
 C = Vault XP percentage of total XP
 D = Non-vault monster count
 E = Vault monster count
 F = Vault count percentage of total count
                 A         B        C        D         E       F
            +---------+---------+-------+---------+---------+-------
      Total |   39219 |   17234 |  30.5 |     267 |      73 |  21.5
            +---------+---------+-------+---------+---------+-------
        D:1 |      35 |       0 |   0.0 |      21 |       0 |   0.0
        D:2 |     111 |       0 |   0.0 |      26 |       0 |   0.0
        D:3 |      99 |     128 |  56.4 |       4 |      10 |  71.4
        D:4 |     208 |      37 |  15.1 |      14 |       1 |   6.7
        D:5 |     597 |     164 |  21.6 |      21 |       1 |   4.5
        D:6 |     859 |      58 |   6.3 |      15 |       2 |  11.8
        D:7 |    1639 |     672 |  29.1 |      27 |       2 |   6.9
        D:8 |     808 |     450 |  35.8 |       9 |       1 |  10.0
        D:9 |    2038 |    1565 |  43.4 |       5 |       5 |  50.0
       D:10 |    1188 |       0 |   0.0 |      13 |       0 |   0.0
     Lair:1 |    2937 |       0 |   0.0 |      16 |       0 |   0.0
     Lair:2 |    3294 |    2662 |  44.7 |      20 |       4 |  16.7
     Lair:3 |    2772 |    5871 |  67.9 |      11 |      24 |  68.6
     Lair:4 |    5399 |    2580 |  32.3 |      10 |      11 |  52.4
     Lair:5 |    4852 |    1853 |  27.6 |      26 |       5 |  16.1
     Lair:6 |   12383 |    1194 |   8.8 |      29 |       7 |  19.4
            +---------+---------+-------+---------+---------+-------

Illustrated notes

Table legend:
 A = Kills in this place as a percentage of kills in entire the game.
 B = Kills by you in this place as a percentage of kills by you in the entire game.
 C = Kills by friends in this place as a percentage of kills by friends in the entire game.
 D = Other kills in this place as a percentage of other kills in the entire game.
 E = Experience gained in this place as a percentage of experience gained in the entire game.
 F = Experience gained in this place divided by the number of levels of this place that you have seen.
                   A       B       C       D       E      F
               +-------+-------+-------+-------+-------+----------------------
         Total | 100.0 | 100.0 | 100.0 | 100.0 | 100.0 | 3528.3
       Dungeon |  52.1 |  53.2 |   0.0 |  30.0 |  18.9 | 1065.6
          Lair |  47.9 |  46.8 | 100.0 |  70.0 |  81.1 | 7632.8
               +-------+-------+-------+-------+-------+----------------------

Table legend: (Time is in decaauts)
 A = Elapsed time spent in this place.
 B = Non-inter-level travel time spent in this place.
 C = Inter-level travel time spent in this place.
 D = Time resting spent in this place.
 E = Time spent auto-exploring this place.
 F = Levels seen in this place.
 G = Mean time per level.
                   A        B        C        D        E       F      G
               +--------+--------+--------+--------+--------+-----+--------+
         Total |  20028 |  19566 |    462 |    538 |  15613 |  16 | 1251.8 |
       Dungeon |  11264 |  10887 |    377 |    161 |   9168 |  10 | 1126.4 |
          Lair |   8764 |   8680 |     84 |    377 |   6445 |   6 | 1460.7 |
               +--------+--------+--------+--------+--------+-----+--------+

Top non-repeatable levels by time:
  Lair:3: 2204 daAuts
  Lair:2: 1964 daAuts
  Lair:5: 1733 daAuts
     D:7: 1649 daAuts
  Lair:4: 1281 daAuts
     D:2: 1223 daAuts
     D:3: 1222 daAuts
     D:5: 1216 daAuts
     D:9: 1165 daAuts
     D:8: 1108 daAuts
     D:1: 1103 daAuts
  Lair:1: 1100 daAuts
     D:6: 998 daAuts
    D:10: 798 daAuts
     D:4: 777 daAuts
